NCAA
COLORADO BUFFALOES @ IOWA STATE CYCLONES
04/03/2027
 
TOP OF THE 1ST
Colorado Buffaloes batting - Pitching for Iowa State Cyclones : LHP Ron Sosa
Pitching: LHP Ron Sosa
Batting: RHB Roger Lamb 0-0: Ball
1-0: Ball
2-0: Foul Ball, location: 2F
2-1: Called Strike
2-2: Strikes out swinging
Batting: RHB Eddie Woods 0-0: Ball
1-0: Ball
2-0: Foul Ball, location: 2F
2-1: Called Strike
2-2: Ball
3-2: Foul Ball, location: 2F
3-2: Strikes out swinging
Batting: LHB Ethan Shaw 0-0: Ball
1-0: Foul Ball, location: 2F
1-1: Fly out, F6 (Line Drive, 6D)
Top of the 1st over - 0 run(s), 0 hit(s), 0 error(s), 0 left on base; Colorado 0 - Iowa State 0
BOTTOM OF THE 1ST
Iowa State Cyclones batting - Pitching for Colorado Buffaloes : RHP Michael Galloway
Pitching: RHP Michael Galloway
Batting: LHB Mike O'Bryan 0-0: Called Strike
0-1: Swinging Strike
0-2: SINGLE (Flyball, 8RS)
Batting: RHB Robert Snyder 0-0: SINGLE (Groundball, 6MD)
Mike O'Bryan to second
Batting: RHB Pedro Rivera 0-0: Ball
1-0: Ball
2-0: Ball
3-0: Grounds into double play, 6-4-3 (Groundball, 6)
Mike O'Bryan to third
Batting: RHB Shane Marshall 0-0: Ball
1-0: Ball
2-0: Foul Ball, location: 2F
2-1: Swinging Strike
2-2: Ball
3-2: Strikes out swinging
Bottom of the 1st over - 0 run(s), 2 hit(s), 0 error(s), 1 left on base; Colorado 0 - Iowa State 0
TOP OF THE 2ND
Colorado Buffaloes batting - Pitching for Iowa State Cyclones : LHP Ron Sosa
Batting: RHB John Jones 0-0: Foul Ball, location: 2F
0-1: Called Strike
0-2: Ball
1-2: Strikes out swinging
Batting: LHB Marcos Fontanez 0-0: Called Strike
0-1: Ball
1-1: Called Strike
1-2: SINGLE (Groundball, 56D)
Batting: LHB Claudio Jaramillo 0-0: Called Strike
0-1: Ball
1-1: Foul Ball, location: 2F
1-2: Foul Ball, location: 2F
1-2: Ball
2-2: Foul Ball, location: 2F
2-2: Strikes out swinging
Batting: SHB Edgardo Guzmán 0-0: Ball
1-0: Foul Ball, location: 2F
1-1: Ball
2-1: Fly out, F4 (Popup, 34D)
Top of the 2nd over - 0 run(s), 1 hit(s), 0 error(s), 1 left on base; Colorado 0 - Iowa State 0
BOTTOM OF THE 2ND
Iowa State Cyclones batting - Pitching for Colorado Buffaloes : RHP Michael Galloway
Batting: LHB Ángel Pérez 0-0: Called Strike
0-1: Fly out, F4 (Popup, 3D)
Batting: RHB Paul Teague 0-0: Foul Ball, location: 2F
0-1: Foul Ball, location: 2F
0-2: SOLO HOME RUN (Flyball, 7D), Distance : 356 ft
Batting: RHB José Acuña 0-0: Ground out 6-3 (Groundball, 6)
Batting: RHB Paco Camacho 0-0: Ground out 5-3 (Groundball, 56)
Bottom of the 2nd over - 1 run(s), 1 hit(s), 0 error(s), 0 left on base; Colorado 0 - Iowa State 1
TOP OF THE 3RD
Colorado Buffaloes batting - Pitching for Iowa State Cyclones : LHP Ron Sosa
Batting: LHB Mark Spencer 0-0: Ball
1-0: Ball
2-0: Ball
3-0: Called Strike
3-1: Base on Balls
Batting: RHB Jeff Atkinson 0-0: Ball
1-0: SINGLE (Line Drive, 6D)
Mark Spencer to second
Batting: RHB Roger Lamb 0-0: Called Strike
0-1: Foul Ball, location: 2F
0-2: Fly out, F7 (Flyball, 7S)
Batting: RHB Eddie Woods 0-0: Called Strike
0-1: Ball
1-1: Ball
2-1: Reached on error, E9 (Flyball, 9)
Mark Spencer to third
Jeff Atkinson to second
Batting: LHB Ethan Shaw 0-0: Ground out 6-3 (Groundball, 6S)
Mark Spencer scores
Jeff Atkinson to third
Eddie Woods to second
Batting: RHB John Jones 0-0: Called Strike
0-1: Called Strike
0-2: DOUBLE (Line Drive, 7LD)
Jeff Atkinson scores
Eddie Woods scores
Batting: LHB Marcos Fontanez 0-0: Called Strike
0-1: Ball
1-1: Foul Ball, location: 2F
1-2: Foul Ball, location: 2F
1-2: Ball
2-2: SINGLE (Line Drive, 7S)
John Jones to third
Runner from 3rd tries for Home, SAFE, no throw
Batting: LHB Claudio Jaramillo 0-0: Ball
1-0: Called Strike
1-1: Foul Ball, location: 2F
1-2: Strikes out swinging
Top of the 3rd over - 4 run(s), 3 hit(s), 1 error(s), 1 left on base; Colorado 4 - Iowa State 1
BOTTOM OF THE 3RD
Iowa State Cyclones batting - Pitching for Colorado Buffaloes : RHP Michael Galloway
Batting: SHB Dan Stone 0-0: Called Strike
0-1: Foul Ball, location: 2F
0-2: Ball
1-2: Strikes out swinging
Batting: LHB Mike O'Bryan 0-0: Ball
1-0: Ball
2-0: Called Strike
2-1: Ground out 6-3 (Groundball, 6)
Batting: RHB Robert Snyder 0-0: Ground out 6-3 (Groundball, 6)
Bottom of the 3rd over - 0 run(s), 0 hit(s), 0 error(s), 0 left on base; Colorado 4 - Iowa State 1
TOP OF THE 4TH
Colorado Buffaloes batting - Pitching for Iowa State Cyclones : LHP Ron Sosa
Batting: SHB Edgardo Guzmán 0-0: Ball
1-0: Ball
2-0: Ball
3-0: Base on Balls
Batting: LHB Mark Spencer 0-0: Ball
1-0: Called Strike
1-1: Ball
2-1: Called Strike
2-2: Strikes out looking
Batting: RHB Jeff Atkinson 0-0: Ball
1-0: Called Strike
1-1: Ball
2-1: Ball
3-1: 2-RUN HOME RUN (Flyball, 7D), Distance : 370 ft
Batting: RHB Roger Lamb 0-0: Ball
1-0: Swinging Strike
1-1: Ball
2-1: Fly out, F7 (Flyball, 7S)
Batting: RHB Eddie Woods 0-0: Ball
1-0: Foul Ball, location: 2F
1-1: Foul Ball, location: 2F
1-2: Foul Ball, location: 2F
1-2: Ball
2-2: Strikes out swinging
Top of the 4th over - 2 run(s), 1 hit(s), 0 error(s), 0 left on base; Colorado 6 - Iowa State 1
BOTTOM OF THE 4TH
Iowa State Cyclones batting - Pitching for Colorado Buffaloes : RHP Michael Galloway
Batting: RHB Pedro Rivera 0-0: Swinging Strike
0-1: Foul Ball, location: 2F
0-2: Strikes out swinging
Batting: RHB Shane Marshall 0-0: Foul Ball, location: 2F
0-1: Fly out, F9 (Flyball, 9LMF)
Batting: LHB Ángel Pérez 0-0: Called Strike
0-1: SINGLE (Line Drive, 6D)
Batting: RHB Paul Teague 0-0: Swinging Strike
0-1: Fielders Choice at 2nd, 4-6 (Groundball, 4)
Bottom of the 4th over - 0 run(s), 1 hit(s), 0 error(s), 0 left on base; Colorado 6 - Iowa State 1
TOP OF THE 5TH
Colorado Buffaloes batting - Pitching for Iowa State Cyclones : LHP Ron Sosa
Pitching: LHP Jeffery Guillermina
Batting: LHB Ethan Shaw 0-0: Foul Ball, location: 2F
0-1: Called Strike
0-2: Foul Ball, location: 2F
0-2: Ball
1-2: Fly out, F6 (Line Drive, 6M)
Batting: RHB John Jones 0-0: Called Strike
0-1: Foul Ball, location: 2F
0-2: Foul Ball, location: 2F
0-2: Strikes out swinging
Batting: LHB Marcos Fontanez 0-0: Ball
1-0: Ball
2-0: Foul Ball, location: 2F
2-1: Swinging Strike
2-2: Foul Ball, location: 2F
2-2: Ball
3-2: Foul Ball, location: 2F
3-2: Base on Balls
Batting: LHB Claudio Jaramillo 0-0: Ball
1-0: Called Strike
1-1: Foul Ball, location: 2F
1-2: Ball
2-2: Ball
3-2: Foul Ball, location: 2F
3-2: Strikes out looking
Top of the 5th over - 0 run(s), 0 hit(s), 0 error(s), 1 left on base; Colorado 6 - Iowa State 1
BOTTOM OF THE 5TH
Iowa State Cyclones batting - Pitching for Colorado Buffaloes : RHP Michael Galloway
Batting: RHB José Acuña 0-0: Called Strike
0-1: Ball
1-1: Ball
2-1: Foul Ball, location: 2F
2-2: Strikes out swinging
Batting: RHB Paco Camacho 0-0: Fly out, F9 (Line Drive, 89M)
Batting: SHB Dan Stone 0-0: Ball
1-0: Called Strike
1-1: Called Strike
1-2: Strikes out swinging
Bottom of the 5th over - 0 run(s), 0 hit(s), 0 error(s), 0 left on base; Colorado 6 - Iowa State 1
TOP OF THE 6TH
Colorado Buffaloes batting - Pitching for Iowa State Cyclones : LHP Jeffery Guillermina
Batting: SHB Edgardo Guzmán 0-0: Called Strike
0-1: Swinging Strike
0-2: SINGLE (Line Drive, 6M)
Batting: LHB Mark Spencer 0-0: Called Strike
0-1: Ball
1-1: Called Strike
1-2: Ball
2-2: Fielders Choice at 2nd, 4-6 (Groundball, 4M)
Batting: RHB Jeff Atkinson 0-0: Ball
1-0: Ball
2-0: Called Strike
2-1: Called Strike
2-2: Strikes out looking
Batting: RHB Roger Lamb 0-0: Called Strike
0-1: Ball
1-1: Ball
2-1: Foul Ball, location: 2F
2-2: Foul Ball, location: 2F
2-2: Ball
3-2: Base on Balls
Mark Spencer to second
Batting: RHB Eddie Woods 0-0: Ball
1-0: Ball
2-0: Fielders Choice at 2nd, 6-4 (Groundball, 6)
Top of the 6th over - 0 run(s), 1 hit(s), 0 error(s), 1 left on base; Colorado 6 - Iowa State 1
BOTTOM OF THE 6TH
Iowa State Cyclones batting - Pitching for Colorado Buffaloes : RHP Michael Galloway
Batting: LHB Mike O'Bryan 0-0: Called Strike
0-1: Ground out U3 (Groundball, 3L)
Batting: RHB Robert Snyder 0-0: Reached on error, E1 (Groundball, 13S)
Batting: RHB Pedro Rivera 0-0: Called Strike
Robert Snyder is caught stealing 3rd base
0-1: Ball
1-1: Swinging Strike
1-2: Strikes out swinging
Bottom of the 6th over - 0 run(s), 0 hit(s), 1 error(s), 0 left on base; Colorado 6 - Iowa State 1
TOP OF THE 7TH
Colorado Buffaloes batting - Pitching for Iowa State Cyclones : LHP Jeffery Guillermina
Batting: LHB Ethan Shaw 0-0: Fly out, F7 (Flyball, 78M)
Batting: RHB John Jones 0-0: Called Strike
0-1: SINGLE (Flyball, 8LS)
Batting: LHB Marcos Fontanez 0-0: Ball
1-0: Foul Ball, location: 2F
1-1: Ball
2-1: Ball
3-1: Foul Ball, location: 2F
3-2: Base on Balls
John Jones to second
Pitching: LHP Bob Wallace
Batting: LHB Claudio Jaramillo 0-0: Ball
1-0: Fly out, F7 (Line Drive, 7)
Batting: SHB Edgardo Guzmán 0-0: Ball
1-0: Ball
2-0: Swinging Strike
2-1: Called Strike
2-2: Strikes out swinging
Top of the 7th over - 0 run(s), 1 hit(s), 0 error(s), 2 left on base; Colorado 6 - Iowa State 1
BOTTOM OF THE 7TH
Iowa State Cyclones batting - Pitching for Colorado Buffaloes : RHP Michael Galloway
Batting: RHB Shane Marshall 0-0: Foul Ball, location: 2F
0-1: Ball
1-1: Foul Ball, location: 2F
1-2: Ball
2-2: Fly out, F4 (Popup, 4S)
Batting: LHB Ángel Pérez 0-0: Called Strike
0-1: Ball
1-1: Ball
2-1: SOLO HOME RUN (Flyball, 89XD), Distance : 386 ft
Batting: RHB Paul Teague 0-0: Called Strike
0-1: SINGLE (Groundball, 34D)
Batting: RHB José Acuña 0-0: Foul Ball, location: 2F
0-1: SINGLE (Line Drive, 7S)
Paul Teague to second
Batting: RHB Paco Camacho 0-0: Ball
1-0: Foul Ball, location: 2F
1-1: Called Strike
1-2: Ball
2-2: Strikes out looking
Batting: SHB Dan Stone 0-0: Called Strike
0-1: Ball
Wild Pitch!
Paul Teague to third
José Acuña to second
1-1: Fly out, F8 (Line Drive, 8LM)
Bottom of the 7th over - 1 run(s), 3 hit(s), 0 error(s), 2 left on base; Colorado 6 - Iowa State 2
TOP OF THE 8TH
Colorado Buffaloes batting - Pitching for Iowa State Cyclones : LHP Bob Wallace
Batting: LHB Mark Spencer 0-0: Swinging Strike
0-1: Foul Ball, location: 2F
0-2: Strikes out swinging
Batting: RHB Jeff Atkinson 0-0: Ball
1-0: Called Strike
1-1: Swinging Strike
1-2: Strikes out swinging
Batting: RHB Roger Lamb 0-0: Ball
1-0: Called Strike
1-1: Ball
2-1: Foul Ball, location: 2F
2-2: Foul Ball, location: 2F
2-2: Ball
3-2: Foul Ball, location: 2F
3-2: Strikes out looking
Top of the 8th over - 0 run(s), 0 hit(s), 0 error(s), 0 left on base; Colorado 6 - Iowa State 2
BOTTOM OF THE 8TH
Iowa State Cyclones batting - Pitching for Colorado Buffaloes : RHP Michael Galloway
Batting: LHB Mike O'Bryan 0-0: Ball
1-0: Ball
2-0: Ball
3-0: Base on Balls
Pitching: LHP David Rodríguez
Batting: RHB Robert Snyder 0-0: Called Strike
0-1: Ball
1-1: Foul Ball, location: 2F
1-2: Ball
2-2: SINGLE (Groundball, 5S) (infield hit)
Mike O'Bryan to second
Pitching: RHP Andrew Harding
Batting: RHB Pedro Rivera 0-0: Ball
1-0: Foul Ball, location: 2F
1-1: Called Strike
1-2: Ground out 5-3 (Groundball, 56S)
Mike O'Bryan to third
Robert Snyder to second
Batting: RHB Shane Marshall 0-0: Called Strike
0-1: Foul Ball, location: 2F
0-2: Ball
1-2: Ball
2-2: Strikes out swinging
Pitching: LHP Andrew Mock
Batting: LHB Ángel Pérez 0-0: Ball
1-0: Called Strike
1-1: Ground out 4-3 (Groundball, 4)
Bottom of the 8th over - 0 run(s), 1 hit(s), 0 error(s), 2 left on base; Colorado 6 - Iowa State 2
TOP OF THE 9TH
Colorado Buffaloes batting - Pitching for Iowa State Cyclones : LHP Bob Wallace
Batting: RHB Eddie Woods 0-0: Swinging Strike
0-1: Foul Ball, location: 2F
0-2: Ball
1-2: Strikes out swinging
Batting: LHB Ethan Shaw 0-0: Foul Ball, location: 2F
0-1: Ball
1-1: Swinging Strike
1-2: Foul Ball, location: 2F
1-2: Ball
2-2: Ball
3-2: SINGLE (Groundball, 34D)
Batting: RHB John Jones 0-0: Grounds into double play, 6-4-3 (Groundball, 6)
Top of the 9th over - 0 run(s), 1 hit(s), 0 error(s), 0 left on base; Colorado 6 - Iowa State 2
BOTTOM OF THE 9TH
Iowa State Cyclones batting - Pitching for Colorado Buffaloes : LHP Andrew Mock
Batting: RHB Paul Teague 0-0: Ball
1-0: Ball
2-0: Ball
3-0: Foul Ball, location: 2F
3-1: Called Strike
3-2: Base on Balls
Batting: RHB José Acuña 0-0: Fly out, F6 (Line Drive, 6)
Batting: RHB Paco Camacho 0-0: Called Strike
0-1: Called Strike
0-2: Foul Ball, location: 2F
0-2: Foul Ball, location: 2F
0-2: Strikes out looking
Batting: SHB Dan Stone 0-0: Called Strike
0-1: Swinging Strike
0-2: Ball
1-2: Fly out, F8 (Flyball, 8RM)
Bottom of the 9th over - 0 run(s), 0 hit(s), 0 error(s), 1 left on base; Colorado 6 - Iowa State 2
Thursday, March 30th, 2017 - OOTP Baseball 17.12 Build 75